 Dungeon Crawl Stone Soup version 0.30-a0-596-g0af90f9a20 (webtiles) character file.

Game seed: 13536805702116496526

32474 drugrobin the Brawler (level 13, -1/171 HPs)
             Began as a Demigod Delver on Jan 7, 2023.
             Slain by an eight-headed hydra (13 damage)
             ... on level 5 of the Lair of Beasts.
             The game lasted 01:18:20 (20093 turns).

drugrobin the Brawler (Demigod Delver)             Turns: 20093, Time: 01:18:20

Health: -1/171     AC: 16    Str: 21    XL:     13   Next: 3%
Magic:  16/16      EV: 12    Int: 13    God:
Gold:   1555       SH:  8    Dex: 19    Spells: 3/12 levels left

rFire   . . .      SeeInvis .      - Unarmed
rCold   + + .      Faith    .    f - +0 kite shield {rC+}
rNeg    . . .      Spirit   .    L - +0 troll leather armour {Pargi}
rPois   .          Reflect  .    y - +1 helmet
rElec   .          Harm     .    s - +0 cloak {rC+}
rCorr   .          Rampage  .    F - +0 pair of gloves
Will    +++..      Rage     50%  (no boots) Stlth
                                 r - necklace of Bloodlust {*Rage Will++ Int-3 Slay+6}
HPRegen 1.28/turn                k - +4 ring of protection
MPRegen 0.15/turn                z - +4 ring of protection

@: berserking, studying Air Magic, very quick
A: high MP 1, forlorn, divine attributes
a: no special abilities


You were on level 5 of the Lair of Beasts.
You visited 3 branches of the dungeon, and saw 19 of its levels.
You also visited: Sewer, Ossuary and Ice Cave.

You collected 1555 gold pieces.

Inventory:

Hand Weapons
 b - a +2 short sword of venom
 c - the +10 trident of Discretion {vamp, rN+ MP+9 Dex-5 Stlth+}
   (You found it on level 2 of the Dungeon)

   Dex:       It affects your dexterity (-5).
   rN:        It protects you from negative energy.
   MP:        It affects your magic capacity (+9).
   Stlth:     It makes you more stealthy.
 d - a +2 sling of freezing
 e - the +5 war axe of the Wary Leylines {protect, Int+4 Dex+3 SInv}
   (You found it on level 2 of the Lair of Beasts)

   Int:       It affects your intelligence (+4).
   Dex:       It affects your dexterity (+3).
   SInv:      It lets you see invisible.
Missiles
 p - 3 throwing nets
 Y - 4 curare-tipped darts
Armour
 f - a +0 kite shield of cold resistance (worn)
 s - a +0 cloak of cold resistance (worn)
 y - a +1 helmet (worn)
 F - a +0 pair of gloves (worn)
 L - a +0 troll leather armour (worn) {Pargi}
Jewellery
 k - a +4 ring of protection (left hand)
 r - the necklace of Bloodlust (around neck) {*Rage Will++ Int-3 Slay+6}
   (You found it on level 1 of the Lair of Beasts)

   [amulet of nothing]

   It extends the wearer's berserk rage when killing foes.
   Int:       It affects your intelligence (-3).
   Slay:      It affects your accuracy & damage with ranged weapons and melee
   (+6).
   *Rage:     It berserks you when you make melee attacks (+50% chance).
   Will:      It greatly increases your willpower.
 u - a ring of wizardry
 z - a +4 ring of protection (right hand)
 B - a ring of resist corrosion
 H - an amulet of guardian spirit
 Q - the ring of the Past {Will+ Str+6}
   (You found it in an ice cave)

   [ring of strength]

   Str:       It affects your strength (+6).
   Will:      It increases your willpower.
Wands
 a - a wand of digging (11)
 n - a wand of paralysis (6)
 o - a wand of polymorph (3)
 q - a wand of iceblast (7)
 v - a wand of flame (1)
Scrolls
 h - 5 scrolls of fog
 i - 10 scrolls of teleportation
 m - 6 scrolls of enchant armour {unknown}
 w - 2 scrolls of silence {unknown}
 D - 4 scrolls of poison {unknown}
 E - 5 scrolls of blinking {unknown}
 N - a scroll of summoning
 O - 3 scrolls of magic mapping
 U - 3 scrolls of vulnerability
Potions
 j - 4 potions of curing
 l - 3 potions of invisibility
 t - a potion of attraction {unknown}
 x - 2 potions of lignification
 A - 2 potions of magic {unknown}
 C - a potion of heal wounds {unknown}
 G - a potion of mutation {unknown}
 I - 6 potions of haste
 K - a potion of berserk rage
 P - a potion of might {unknown}
 S - a potion of cancellation {unknown}
 T - a potion of ambrosia {unknown}
 Z - 2 potions of degeneration {unknown}
Miscellaneous
 J - a phial of floods
 M - a lightning rod (4/4)
 X - a box of beasts (inert)


   Skills:
 + Level 10.4 Fighting
 + Level 5.0 Dodging
 - Level 4.5 Stealth
 * Level 15.0 Unarmed Combat
 + Level 12.0 Air Magic


You had 3 spell levels left.
You knew the following spells:

 Your Spells              Type           Power      Damage    Failure   Level
a - Blink                 Tloc           0%         N/A       89%         2
b - Mephitic Cloud        Conj/Pois/Air  10%        N/A       58%         3
c - Magic Dart            Conj           0%         1d3       78%         1
d - Vhi's Electric Charg  Tloc/Air       30%        N/A       32%         3

Your spell library contained the following spells:

 Spells                   Type           Power      Damage    Failure   Level
 Static Discharge         Conj/Air       30%        2-4/arc   17%         2
 Call Imp                 Summ           0%         N/A       89%         2
 Ensorcelled Hibernation  Hex/Ice        0%         N/A       89%         2
 Momentum Strike          Conj/Tloc      0%         3d8       89%         2
 Hailstorm                Conj/Ice       0%         3d3       98%         3
 Ignite Poison            Fire/Tmut/Pois 0%         N/A       98%         3
 Lesser Beckoning         Tloc           0%         N/A       98%         3
 Spider Form              Tmut/Pois      0%         N/A       98%         3
 Stone Arrow              Conj/Erth      0%         3d7       98%         3
 Summon Lightning Spire   Summ/Air       15%        N/A       73%         4
 Arcjolt                  Conj/Air       7%         1d17      97%         5
 Lightning Bolt           Conj/Air       7%         1d20      97%         5
 Anguish                  Hex/Necr       0%         N/A       100%        4
 Animate Armour           Summ/Erth      0%         N/A       100%        4
 Ice Form                 Ice/Tmut       0%         N/A       100%        4
 Sticky Flame             Conj/Fire      0%         2d3       100%        4
 Simulacrum               Ice/Necr       0%         N/A       100%        6
 Enfeeble                 Hex            0%         N/A       100%        7
 Storm Form               Tmut/Air       7%         N/A       100%        7
 Ignition                 Fire           0%         3d3       100%        8
 Lehudib's Crystal Spear  Conj/Erth      0%         10d2      100%        8
 Maxwell's Capacitive Co  Air            15%        ∞         100%        8


Dungeon Overview and Level Annotations

Branches:
Dungeon (13/15)            Temple (0/1) D:7            Lair (5/5) D:11
 Shoals (0/4) Lair:3       Spider (0/4) Lair:2          Orc (1/2) D:9
  Sewer (visited)         Ossuary (visited)           IceCv (visited)
  Slime: Lair:4-5    Vaults: D:13-14

Annotations:
D:4 1 runed translucent door, Splishie's ghost, amateur GnWn
D:6 Maggie
Lair:1 Harold
Lair:4 2 transporters


Innate Abilities, Weirdness & Mutations

You have an increased reservoir of magic. (+10% MP)
You shall have no god before yourself.
Your divine heritage dramatically boosts your attributes as you level up.


Message History

Unknown command.
Unknown command.
Unknown command.
A red film seems to cover your vision as you go berserk!
You feel yourself moving faster!
You feel mighty!
You pummel the eight-headed hydra!!
The eight-headed hydra is moderately wounded.
The eight-headed hydra bites you.
* * * LOW HITPOINT WARNING * * *
The eight-headed hydra bites you but does no damage.
You block the eight-headed hydra's attack.
The eight-headed hydra bites you.
* * * LOW HITPOINT WARNING * * *
The eight-headed hydra bites you.
* * * LOW HITPOINT WARNING * * *
The eight-headed hydra closely misses you.
The eight-headed hydra bites you.
* * * LOW HITPOINT WARNING * * *
The eight-headed hydra bites you.
* * * LOW HITPOINT WARNING * * *
Unknown command.
Unknown command.
You punch the eight-headed hydra!
The eight-headed hydra is heavily wounded.
You block the eight-headed hydra's attack.
The eight-headed hydra barely misses you.
The eight-headed hydra bites you but does no damage.
The eight-headed hydra bites you!
* * * LOW HITPOINT WARNING * * *
The eight-headed hydra bites you but does no damage. x3
The eight-headed hydra bites you.
* * * LOW HITPOINT WARNING * * *
Unknown command.
Unknown command.
Unknown command.
You barely miss the eight-headed hydra.
The eight-headed hydra is heavily wounded.
The eight-headed hydra barely misses you.
The eight-headed hydra bites you!
You die...

..................P#
..................##
...................###
................†..#.# ## #
P.P......#...........## #P#..
...P.........(........# ##.....
.............#........###P......
............#.........##..PP....
..............#.@D........P.....
...PP..........P................
................................
.......#........................
................................
.......#.....................#..
.....####.......................
...........#..=................
..........#.#..<.......


You could see an eight-headed hydra.

Vanquished Creatures
  2 hydras
  A boulder beetle (D:12)
  A centaur warrior (D:13)
  A two-headed ogre (D:12)
  A deep elf pyromancer (D:11)
  An ugly thing (D:12)
  A manticore (D:11)
  An orc sorcerer (Orc:1)
  4 cyclopes
  8 elephants
  A merfolk siren (Lair:3)
  An ice statue (IceCv)
  2 gargoyles
  6 cane toads (Lair:3)
  4 black mambas
  A torpor snail (Lair:2)
  An unseen horror (D:11)
  4 rime drakes
  An anaconda simulacrum (IceCv)
  An ice devil (IceCv)
  3 komodo dragons
  5 trolls
  4 slime creatures (D:13)
  A jumping spider (Lair:2)
  2 shadows
  4 wyverns
  A steam dragon (Lair:1)
  2 basilisks
  31 yaks
  Menkaure (D:7)
  A death yak simulacrum (IceCv)
  2 hydra simulacra (IceCv)
  2 harpy simulacra (IceCv)
  An acid dragon (D:10)
  8 water moccasins
  7 orc warriors
  2 hornet zombies (Ossuary)
  An ice beast (D:8)
  A sky beast (D:7)
  Pargi (Sewer)
  2 black bears
  2 ogres
  2 centaurs (D:9)
  2 kobold brigands
  A phantom (D:5)
  7 two-headed ogre simulacra (IceCv)
  6 bullfrogs
  A necrophage (D:6)
  A wyvern zombie (Ossuary)
  3 scorpions
  3 water moccasin zombies (Ossuary)
  3 cane toad simulacra (IceCv)
  A gnoll sergeant (D:7)
  4 killer bees
  An electric eel (Lair:3)
  A howler monkey (D:10)
  5 centaur zombies (Ossuary)
  3 bullfrog zombies (Ossuary)
  6 hounds
  2 jellies (D:8)
  7 orc priests
  5 iguanas
  10 orc wizards
  4 polar bear simulacra (IceCv)
  5 spriggan simulacra (IceCv)
  6 hell rats (Lair:1)
  A killer bee zombie (Ossuary)
  3 troll simulacra (IceCv)
  3 wolf simulacra (IceCv)
  15 mummies (Ossuary)
  3 howler monkey zombies (Ossuary)
  16 gnolls
  10 adders
  5 naga simulacra (IceCv)
  A shadow imp (D:8)
  9 white imps
  5 ufetubi
  2 worms
  4 dart slugs
  33 orcs
  10 ball pythons
  14 endoplasms
  7 giant cockroaches
  5 goblins
  12 hobgoblins
  6 jackals
  5 quokkas
  14 bats
  5 frilled lizards
  19 kobolds
  2 quokka zombies (D:8)
  5 rats
430 creatures vanquished.

Vanquished Creatures (collateral kills)
  A reaper (IceCv)
  A skeletal warrior (D:13)
2 creatures vanquished.

Vanquished Creatures (others)
  An orc (Orc:1)
  9 fungi
  3 plants
  2 withered plants (Ossuary)
15 creatures vanquished.

Grand Total: 447 creatures vanquished

Notes
Turn   | Place    | Note
-------+----------+-------------------------------------------
     0 | D:5      | drugrobin the Demigod Delver began the quest for the Orb.
     0 | D:5      | Reached XP level 1. HP: 18/18 MP: 3/3
    25 | D:5      | Noticed a water moccasin
    64 | D:4      | Reached skill level 2 in Unarmed Combat
   128 | D:4      | Reached XP level 2. HP: 13/25 MP: 4/4
   354 | D:2      | Reached skill level 3 in Unarmed Combat
   600 | D:1      | Reached XP level 3. HP: 30/30 MP: 5/5
  1418 | D:2      | Reached skill level 4 in Unarmed Combat
  1430 | D:2      | Reached XP level 4. HP: 30/37 MP: 6/6
  1655 | D:2      | Identified the +10 trident of Discretion {vamp, rN+ MP+9
                  | Dex-5 Stlth+}
  2048 | D:2      | Learned a level 2 spell: Blink
  2805 | D:4      | Reached XP level 5. HP: 45/45 MP: 7/7
  2832 | D:4      | Found the +7 Throatcutter {drain, coup de grace}
  2923 | D:4      | Reached skill level 5 in Unarmed Combat
  2926 | D:4      | Found a runed translucent door.
  2926 | D:4      | Noticed Splishie's ghost (amateur GnWn)
  3526 | D:5      | Reached XP level 6. HP: 52/52 MP: 8/8
  3955 | D:5      | Killed a water moccasin
  3956 | D:5      | Reached skill level 6 in Unarmed Combat
  3956 | D:5      | Reached XP level 7. HP: 59/60 MP: 9/9
  4099 | D:5      | Reached skill level 5 in Fighting
  4381 | D:6      | Identified the +2 dagger of Precise Incision {flame, Str+6
                  | Int+7}
  4480 | D:6      | Learned a level 3 spell: Mephitic Cloud
  4482 | D:6      | Learned a level 1 spell: Magic Dart
  4637 | D:6      | Found a glowing drain.
  4660 | Sewer    | Entered a sewer
  4698 | Sewer    | Noticed Pargi
  4706 | Sewer    | Killed Pargi
  4707 | Sewer    | Reached skill level 1 in Air Magic
  4793 | D:6      | Noticed Maggie
  5588 | D:7      | Reached skill level 7 in Unarmed Combat
  5723 | D:7      | Noticed Menkaure
  5729 | D:7      | Killed Menkaure
  5730 | D:7      | Reached XP level 8. HP: 69/69 MP: 10/10
  6151 | D:6      | Reached skill level 8 in Unarmed Combat
  6214 | D:7      | Found a staircase to the Ecumenical Temple.
  6430 | D:8      | Found a sand-covered staircase.
  6438 | Ossuary  | Entered an ossuary
  6483 | Ossuary  | Reached skill level 9 in Unarmed Combat
  6632 | Ossuary  | Reached XP level 9. HP: 72/74 MP: 4/11
  6837 | Ossuary  | Reached skill level 10 in Unarmed Combat
  7154 | D:8      | Identified the +6 ring mail "Ojoin" {*Corrode *Slow rElec
                  | Dex+7}
  7952 | D:9      | Reached skill level 11 in Unarmed Combat
  8222 | D:9      | Identified the +1 ring mail of the Hairy God {rPois rF-
                  | Stlth+}
  8387 | D:9      | Found a staircase to the Orcish Mines.
  8508 | D:9      | Reached XP level 10. HP: 48/84 MP: 9/13
  8556 | D:9      | Reached skill level 12 in Unarmed Combat
  8694 | Orc:1    | Entered Level 1 of the Orcish Mines
  9280 | Orc:1    | Noticed an orc sorcerer
  9353 | Orc:1    | Killed an orc sorcerer
  9717 | D:10     | Entered Level 10 of the Dungeon
 10368 | D:10     | Learned a level 3 spell: Vhi's Electric Charge
 10935 | D:10     | Found a large runed translucent door.
 10936 | D:10     | Found a large runed translucent door.
 11035 | D:11     | Noticed a deep elf pyromancer
 11053 | D:11     | Killed a deep elf pyromancer
 11054 | D:11     | Reached skill level 5 in Air Magic
 11161 | D:11     | Noticed an elephant
 11182 | D:11     | Killed an elephant
 11183 | D:11     | Reached skill level 13 in Unarmed Combat
 11183 | D:11     | Reached XP level 11. HP: 93/94 MP: 10/14
 11417 | D:11     | Found a staircase to the Lair.
 12128 | D:12     | Noticed a boulder beetle
 12148 | D:12     | Noticed a two-headed ogre
 12153 | D:12     | Killed a boulder beetle
 12582 | D:13     | Noticed a centaur warrior
 12600 | D:13     | Killed a centaur warrior
 12920 | D:13     | Noticed a skeletal warrior
 12948 | D:13     | Killed a skeletal warrior
 12964 | D:13     | Noticed a skeletal warrior
 12964 | D:13     | Noticed a skeletal warrior
 12965 | D:13     | Noticed a skeletal warrior
 13242 | D:13     | Noticed a catoblepas
 13336 | D:12     | Killed a two-headed ogre
 13763 | D:11     | Identified a scroll of acquirement
 13769 | D:11     | Acquired a manual of Air Magic
 14067 | Lair:1   | Entered Level 1 of the Lair of Beasts
 14625 | Lair:1   | Reached XP level 12. HP: 79/100 MP: 15/15
 14978 | Lair:1   | Found the necklace of Bloodlust {*Rage Will++ Int-3 Slay+6}
 15064 | Lair:1   | Noticed Harold
 15246 | Lair:2   | Identified the +5 war axe of the Wary Leylines {protect,
                  | Int+4 Dex+3 SInv}
 15265 | Lair:2   | Found a hole to the Spider Nest.
 15381 | Lair:2   | Reached skill level 14 in Unarmed Combat
 16238 | Lair:2   | Reached skill level 10 in Air Magic
 16967 | Lair:3   | Found a staircase to the Shoals.
 17010 | Lair:3   | Noticed a five-headed hydra
 17034 | Lair:3   | Killed a five-headed hydra
 17163 | Lair:3   | Reached skill level 10 in Fighting
 17686 | Lair:4   | Noticed a five-headed hydra
 17693 | Lair:4   | Killed a five-headed hydra
 18471 | Lair:4   | Found a transporter.
 18472 | Lair:4   | Noticed a boulder beetle
 18473 | Lair:4   | Found a transporter.
 18473 | Lair:4   | Noticed a boulder beetle
 18581 | Lair:5   | Entered Level 5 of the Lair of Beasts
 18581 | Lair:5   | Found a frozen archway.
 18604 | IceCv    | Entered an ice cave
 19657 | IceCv    | Noticed a reaper
 19824 | IceCv    | Killed a reaper
 19825 | IceCv    | Reached XP level 13. HP: 114/114 MP: 12/16
 19958 | IceCv    | Identified the ring of the Past {Will+ Str+6}
 20028 | Lair:5   | Reached skill level 15 in Unarmed Combat
 20049 | Lair:5   | Reached skill level 5 in Dodging
 20093 | Lair:5   | Slain by an eight-headed hydra

Illustrated notes

Levels and vault maps discovered:
D:1:      dpeg_arrival_simpleton_b, layout_loops_corners,
          hellmonk_ecumenical_altar_run_dry, hangedman_decor_points,
          minmay_octomino_j4
D:2:      layout_loops_ring, basic_altar, hex_tiny
D:3:      layout_rooms, nicolae_figureground_pulse
D:4:      layout_basic, ebering_ghost_reflecting_pool,
          chequers_serial_rivers_small_3
D:5:      layout_basic, mainiacjoe_overflow_24_doors, tso_oasis_becter,
          minmay_stone_trees_large
D:6:      layout_basic, worldfamousw_hep_ancestral_shrine, portal_sewer_entry_f,
          minmay_misc_feat_columns, uniq_maggie
D:7:      layout_rooms, grunt_dithmenos_smoke, minmay_temple_entry_junction,
          uniq_menkaure
D:8:      layout_loops_ring, nicolae_sif_muna_condensation, enter_ossuary_4,
          minmay_misc_feat_chi
D:9:      layout_roguey, nicolae_overflow_hidden_temple, orc_0_dummy
D:10:     layout_loops_cross, jmf_multi_god_temple2, hangedman_decor_lopped,
          nicolae_figureground_sparkle
D:11:     layout_basic, david_lair_generic
D:12:     layout_big_octagon, serial_column_ruins, column_ruins_circle_medium,
          column_ruins_corridor_dead_end, column_ruins_columns_T,
          column_ruins_open_tiny, column_ruins_open_tiny,
          column_ruins_open_small, chequers_serial_rivers_small_b
D:13:     layout_long_grid
Lair:1:   layout_concentric_octagons, uniq_harold
Lair:2:   layout_small_grid, spider_nest_entry_rubble
Lair:3:   layout_chaotic_city, elwin_shoals_entry_rooms
Lair:4:   gammafunk_boulding_lane, layout_regular_city
Lair:5:   minmay_lair_end_enchanted_forest, layout_hall_layers,
          nicolae_slime_entry_slimehenge, maelrawn_ghost_gauntlet_escape,
          portal_ice_cave_entry_pillars_2, basic_altar, serial_bayou_shore_b
Orc:1:    layout_caves

Skill      XL: |  1  2  3  4  5  6  7  8  9 10 11 12 13 |
---------------+----------------------------------------+-----
Unarmed Combat | 2 3 4 5 6 7 9 11 13 14 15 | 15.0
Fighting       | 3 4 5 6 8 9 10 | 10.4
Air Magic      | 3 4 5 9 12 | 12.0
Dodging        | 2 4 5 |  5.0
Stealth        | |  4.5

Action                   |  1- 3 |  4- 6 |  7- 9 | 10-12 | 13-15 || total
-------------------------+-------+-------+-------+-------+-------++-------
Melee: Unarmed           |   123 |    24 |   119 |   572 |    24 ||   862
       Punch             |     2 |     1 |    20 |    67 |       ||    90
       Trident           |       |   105 |   193 |   165 |       ||   463
       Short sword       |       |       |    43 |    24 |       ||    67
       Dagger            |       |       |     7 |    21 |       ||    28
       Long sword        |       |       |     5 |     3 |       ||     8
 Fire: Sling             |    34 |       |       |       |       ||    34
       Shortbow          |    11 |    10 |    50 |    18 |       ||    89
       Arbalest          |       |       |       |   100 |       ||   100
Throw: Dart              |       |       |     9 |       |       ||     9
       Throwing net      |       |       |       |     1 |       ||     1
 Cast: Magic Dart        |       |       |    15 |       |       ||    15
       Blink             |       |       |     1 |     4 |       ||     5
       Mephitic Cloud    |       |       |     5 |    29 |       ||    34
       Vhi's Electric Ch |       |       |       |    26 |     1 ||    27
Evoke: Wand              |       |       |    14 |     6 |       ||    20
       Lightning rod     |       |       |     4 |     4 |       ||     8
       Box of beasts     |       |       |       |     2 |       ||     2
  Use: Potion            |       |       |       |     2 |       ||     2
       Scroll            |       |       |       |    19 |     1 ||    20
 Stab: Sleeping          |     3 |       |     3 |     3 |       ||     9
       Confused          |       |       |     3 |    24 |       ||    27
       Distracted        |       |       |     1 |       |       ||     1
       Held in net/web   |       |       |       |     2 |       ||     2
Armor: Leather armour    |     7 |       |    12 |    40 |     4 ||    63
       Chain mail        |    36 |    75 |    18 |       |       ||   129
       Troll leather arm |       |       |    79 |   176 |    20 ||   275
       Scale mail        |       |       |       |     9 |       ||     9
Dodge: Dodged            |    62 |    37 |   211 |   357 |    25 ||   692
Block: Kite shield       |       |       |       |    23 |    17 ||    40

Table legend: (Time is in decaauts)
 A = Elapsed time spent in this place.
 B = Non-inter-level travel time spent in this place.
 C = Inter-level travel time spent in this place.
 D = Time resting spent in this place.
 E = Time spent auto-exploring this place.
 F = Levels seen in this place.
 G = Mean time per level.
                   A        B        C        D        E       F      G
               +--------+--------+--------+--------+--------+-----+--------+
         Total |  20248 |  19576 |    672 |   2067 |  11708 |  22 |  920.4 |
       Dungeon |  13163 |  12611 |    552 |   1378 |   7531 |  13 | 1012.5 |
          Lair |   4644 |   4541 |    103 |    362 |   3213 |   5 |  928.8 |
  Orcish Mines |    271 |    254 |     17 |      0 |    176 |   1 |  271.0 |
         Sewer |    104 |    104 |      0 |      0 |      0 |   1 |  104.0 |
       Ossuary |    636 |    636 |      0 |     84 |    225 |   1 |  636.0 |
      Ice Cave |   1427 |   1427 |      0 |    243 |    562 |   1 | 1427.0 |
               +--------+--------+--------+--------+--------+-----+--------+

Top non-repeatable levels by time:
     D:9: 1792 daAuts
   IceCv: 1427 daAuts
    D:11: 1338 daAuts
  Lair:2: 1255 daAuts
  Lair:3: 1195 daAuts
     D:6: 1184 daAuts
  Lair:1: 1182 daAuts
    D:10: 1129 daAuts
     D:5: 1037 daAuts
     D:2: 999 daAuts
     D:1: 958 daAuts
  Lair:4: 881 daAuts
     D:8: 873 daAuts
    D:12: 851 daAuts
     D:4: 813 daAuts
